 Dungeon Crawl Stone Soup version 0.30-a0-718-geaa24f58ff (webtiles) character file.

Game seed: 8639090166980226637

214810 IdlyInterested the Victor of a Thousand Battles (level 18, -9/140 HPs)
             Began as a Demonspawn Gladiator on Jan 25, 2023.
             Was the Champion of Okawaru.
             Killed from afar by a starcursed mass (15 damage)
             ... with an accursed screaming
             ... on level 3 of the Abyss.
             The game lasted 02:00:47 (30616 turns).

IdlyInterested (DsGl)                              Turns: 30616, Time: 02:00:48

Health: -9/140     AC: 35    Str: 21    XL:     18   Next: 31%
Magic:  0/34       EV: 39    Int:  0    God:    Okawaru [******]
Gold:   6067       SH:  0    Dex: 28    Spells: 17/17 levels left

rFire   x . .      SeeInvis +    M - +6 triple sword (drain)
rCold   + . .      Faith    .    (shield currently unavailable)
rNeg    + . .      Spirit   +    k - +6 ring mail of Uboul {Contam rC+ rN+}
rPois   +          Reflect  .    (helmet unavailable)
rElec   .          Harm     .    H - +3 cloak of Okawaru's Outrage {+Blink rF- Regen+ Str+5}
rCorr   .          Rampage  .    g - +2 pair of gloves {hurl}
Will    +....                    a - +1 pair of boots of the Moneychanger {rPois Int-5 Dex+6}
Stlth   +++                      b - amulet of magic regeneration
HPRegen 0.00/turn                m - +5 ring of evasion
MPRegen 0.88/turn                y - +5 ring of evasion

@: heroic, sanguine armoured, sick, slowed, lost intelligence, unable to read,
unable to drink, very slow
A: antennae 3, spiny 1, magic shield, magic regeneration, magic link, sanguine
armour 3, [dopey 2], [inability to drink after injury 2]
}: 1/15 runes: gossamer
a: Renounce Religion, Evoke Blink, Heroism, Finesse, Duel


You were on level 3 of the Abyss.
You worshipped Okawaru.
Okawaru was exalted by your worship.
You visited 6 branches of the dungeon, and saw 28 of its levels.
You visited the Abyss 1 time.
You also visited: Bailey and Gauntlet.

You collected 6519 gold pieces.
You spent 452 gold pieces at shops.

Inventory:

Hand Weapons
 x - a +1 double sword
 A - a +2 rapier of speed
 G - the +3 Elemental Staff {rElec rF++ rC++ AC+5}
   (You found it on level 3 of the Spider Nest)

   It enhances your fire, ice, earth and air magic.
   AC:        It affects your AC (+5).
   rF:        It greatly protects you from fire.
   rC:        It greatly protects you from cold.
   rElec:     It insulates you from electricity.
 M - a +6 triple sword of draining (weapon)
 O - the +8 long sword of Infection {freeze, rElec Str-4 Dex+3}
   (You found it on level 1 of the Lair of Beasts)

   Str:       It affects your strength (-4).
   Dex:       It affects your dexterity (+3).
   rElec:     It insulates you from electricity.
Missiles
 c - 26 boomerangs (quivered)
 d - 5 throwing nets
 e - 18 javelins
 B - 2 curare-tipped darts
 T - 6 boomerangs of dispersal
Armour
 a - the +1 pair of boots of the Moneychanger (worn) {rPois Int-5 Dex+6}
   (Okawaru gifted it to you on level 11 of the Dungeon)

   Int:       It affects your intelligence (-5).
   Dex:       It affects your dexterity (+6).
   rPois:     It protects you from poison.
 g - a +2 pair of gloves of hurling (worn)
 k - the +6 ring mail of Uboul (worn) {Contam rC+ rN+}
   (You found it on level 4 of the Dungeon)

   rC:        It protects you from cold.
   rN:        It protects you from negative energy.
   Contam:    It causes magical contamination when unequipped.
 D - a +2 buckler of protection
 E - a +0 pair of gloves of infusion
 H - the +3 cloak of Okawaru's Outrage (worn) {+Blink rF- Regen+ Str+5}
   (Okawaru gifted it to you on level 15 of the Dungeon)

   Str:       It affects your strength (+5).
   rF:        It makes you vulnerable to fire.
   +Blink:    It lets you blink.
   Regen:     It increases your rate of health regeneration.
 R - a +2 pair of boots of rampaging
Jewellery
 b - an amulet of magic regeneration (around neck)
 h - the ring of Hosyraipn {rCorr Int+2}
   (You acquired it on level 2 of the Lair of Beasts)

   [ring of resist corrosion]

   Int:       It affects your intelligence (+2).
   rCorr:     It protects you from acid and corrosion.
 i - a ring of flight
 m - a +5 ring of evasion (left hand)
 o - a ring of protection from fire
 w - a ring of protection from fire
 y - a +5 ring of evasion (right hand)
 U - the ring of the Middle {Will+ Int+6}
   (You found it in a Gauntlet)

   [ring of intelligence]

   Int:       It affects your intelligence (+6).
   Will:      It increases your willpower.
 V - a ring of protection from cold
 Y - a ring of see invisible
Wands
 v - a wand of mindburst (5)
 z - a wand of roots (43)
 K - a wand of flame (67)
 Q - a wand of light (8)
 W - a wand of digging (13)
Scrolls
 f - 6 scrolls of fear
 j - 12 scrolls of teleportation
 F - 3 scrolls of magic mapping
 L - 8 scrolls of blinking
 N - 3 scrolls of fog
 S - a scroll of silence
 Z - 2 scrolls of enchant armour
Potions
 l - 3 potions of magic
 q - 11 potions of ambrosia
 r - 4 potions of might
 s - 14 potions of curing
 t - 5 potions of mutation
 u - 4 potions of invisibility
 C - 2 potions of haste
 I - a potion of resistance
 P - a potion of cancellation
 X - 5 potions of heal wounds
Miscellaneous
 n - a condenser vane (inert)
 p - a tin of tremorstones (inert)
 J - a lightning rod (4/4)


   Skills:
 - Level 12.0(17.0) Fighting
 * Level 18.4(23.4) Long Blades
 - Level 4.0(9.0) Throwing
 - Level 4.0(9.0) Armour
 * Level 13.7(18.7) Dodging
 - Level 1.0(6.0) Stealth
 * Level 24.6 Invocations
 - Level 2.0 Evocations


You had 17 spell levels left.
You didn't know any spells.
Your spell library contained the following spells:

 Spells                   Type           Power      Damage    Failure   Level
 Kiss of Death            Conj/Necr      0%         2d5       75%         1
 Cigotuvi's Dreadful Rot  Necr/Pois/Air  0%         N/A       86%         2
 Ensorcelled Hibernation  Hex/Ice        0%         N/A       86%         2
 Passwall                 Tmut/Erth      0%         N/A       86%         2
 Poisonous Vapours        Pois/Air       0%         N/A       86%         2
 Confusing Touch          Hex            0%         N/A       98%         3
 Ignite Poison            Fire/Tmut/Pois 0%         N/A       98%         3
 Inner Flame              Hex/Fire       0%         N/A       98%         3
 Kindle Blastsparks       Fire/Tloc/Air  0%         2d10      98%         3
 Mephitic Cloud           Conj/Pois/Air  0%         N/A       98%         3
 Swiftness                Air            0%         N/A       98%         3
 Cause Fear               Hex            0%         N/A       100%        4
 Dispel Undead            Necr           0%         3d6       100%        4
 Flame Wave               Conj/Fire      0%         2d4       100%        4
 Sticky Flame             Conj/Fire      0%         2d3       100%        4
 Blade Hands              Tmut           0%         N/A       100%        5
 Fireball                 Conj/Fire      0%         3d3       100%        5
 Freezing Cloud           Conj/Ice/Air   0%         6-21      100%        5
 Irradiate                Conj/Tmut      0%         3d11      100%        5
 Iskenderun's Battlesphe  Conj           0%         2d6       100%        5
 Conjure Ball Lightning   Conj/Air       0%         3x3d6     100%        6
 Dragon Form              Tmut           0%         N/A       100%        7
 Orb of Destruction       Conj           0%         9d5       100%        7
 Summon Guardian Golem    Hex/Summ       Unusable   N/A       N/A         3
 Spellforged Servitor     Conj/Summ      Unusable   N/A       N/A         7
 Dragon's Call            Summ           Unusable   N/A       N/A         9

Dungeon Overview and Level Annotations

Branches:
Dungeon (15/15)            Temple (1/1) D:5            Lair (5/5) D:8
  Swamp (0/4) Lair:2       Spider (4/4) Lair:2        Slime (0/5) Lair:5
    Orc (2/2) D:11            Elf (1/3) Orc:2        Vaults (0/5) D:13
 Depths (0/4) D:15         Bailey (visited)         Gauntlet (visited)

Altars:
Ashenzari
Cheibriados
Dithmenos
Fedhas
Gozag
Hepliaklqana
Kikubaaqudgha
Makhleb
Nemelex Xobeh
Okawaru
Qazlal
Ru
Sif Muna
Trog
Uskayaw
Vehumet
Wu Jian
Xom
Yredelemnul
Jiyva

Shops:
D:6 ?[?   D:12 *   Orc:2 :[?*:

Portals:
Abyss: Elf:1
Trove: D:13 (give +3 fire dragon scales)

Annotations:
Elf:1 1 transporter, Myfaogiy's ghost, adept MiFi


Innate Abilities, Weirdness & Mutations

You have a pair of large antennae on your head. (SInv)
You are partially covered in sharp spines.
When hurt, damage is shared between your health and your magic reserves.
You regenerate magic rapidly.
When low on magic, you restore magic in place of health.
When seriously injured, your blood forms very thick armour. (AC +12)
[You are very dopey. (Int -4)]
[You sometimes lose the ability to drink potions when taking damage.]


Message History

The starcursed mass touches you but does no damage.
The starcursed mass is struck by your spines.
The starcursed mass touches you but does no damage.
The starcursed mass shudders and is absorbed by its neighbour.
The tentacled starspawn is struck by your spines.
The tentacled starspawn bites you!
You feel threatened and lose the ability to drink potions!
* * * LOW HITPOINT WARNING * * *
The tentacled starspawn tentacle-slaps you!
* * * LOW HITPOINT WARNING * * *
The starcursed mass is struck by your spines.
The starcursed mass touches you but does no damage.
The starcursed mass shudders and is absorbed by its neighbour.
A starcursed mass splits. x2
The tentacled starspawn is struck by your spines.
The tentacled starspawn bites you.
* * * LOW HITPOINT WARNING * * *
The tentacled starspawn tentacle-slaps you but does no damage.
A cacophony of accursed wailing tears at your sanity!
* * * LOW HITPOINT WARNING * * *
You shrug off the repeated paralysis!
A ynoxinul comes into view.
The starcursed mass touches you but does no damage.
The tentacled starspawn is struck by your spines.
The tentacled starspawn bites you but does no damage.
The tentacled starspawn tentacle-slaps you but does no damage.
The ynoxinul gestures.
A cacophony of accursed wailing tears at your sanity!
* * * LOW HITPOINT WARNING * * *
You can move again.
You barely miss the tentacled starspawn.
The tentacled starspawn is heavily damaged.
The tentacled starspawn completely misses you. x2
You slash the tentacled starspawn!
The tentacled starspawn is severely damaged.
The tentacled starspawn is struck by your spines.
The tentacled starspawn misses you.
The tentacled starspawn completely misses you.
A cacophony of accursed wailing tears at your sanity!
You die...

...# . . ##§☼#
#.. {.#§X#
.... §XX#
#.... #XX# # {
...X##XX# ###
..
.##§**wX###..#
. . {
....XXXX@## .#
.# ...○§#w##
.. # #.# ##§
## .#...~# .
##. .5 ...#..
# . . . ... #
## # .
#..3.... ..#
.## #.....#.
.... # . #
......## # # #
. . #..... #.
..


You could see 10 starcursed masses, a tentacled starspawn, 2 wretched stars, 2
large abominations, a ynoxinul, 2 starspawn tentacles and an ufetubus
(summoned).

Vanquished Creatures
  Arachne (Spider:2)
  Rupert (D:13)
  Asterion (Elf:1)
  A deep elf blademaster (Elf:1)
  2 tentacled starspawn
  Agnes (Spider:2)
  Gastronok (Lair:1)
  The ghost of drugrobin the Black Belt, a journeyman DgDe (Spider:1)
  5 emperor scorpions
  A deep elf sorcerer (Elf:1)
  The ghost of Newt the Bludgeoner, a journeyman DsGl of Gozag (Spider:4)
  A deep elf elementalist (Elf:1)
  6 ghost moths
  3 broodmothers
  2 very ugly things
  The ghost of pigah the Black Belt, a journeyman OpWn of Gozag (Lair:1)
  3 deep elf annihilators (Elf:1)
  The ghost of bande the Cleaver, a journeyman GrFi of Okawaru (Lair:4)
  6 spark wasps
  A minotaur (Gauntlet)
  An ettin (D:15)
  Josephine (D:11)
  4 fire dragons
  A deep elf high priest (Elf:1)
  A rakshasa (Abyss:3)
  8 entropy weavers
  4 vault guards (D:13)
  4 hydras
  Harold (D:11)
  10 boulder beetles
  3 jorogumos
  4 centaur warriors
  3 ogre magi
  2 radroaches
  Erolcha (D:11)
  12 two-headed ogres
  Urug (Lair:3)
  7 death scarabs (Spider:4)
  A tengu warrior (D:15)
  4 dancing weapons
  A spectral emperor scorpion (Spider:4)
  8 deep elf knights (Elf:1)
  Sonja (D:11)
  A fire crab (Lair:4)
  A sixfirhy (Abyss:3)
  7 pharaoh ants
  A glowing orange brain (D:14)
  A sun moth (Spider:3)
  9 orb spiders
  4 deep trolls
  A swamp dragon (Lair:5)
  Pikel (D:6)
  A spectral wolf spider (Spider:4)
  4 deep elf archers (Elf:1)
  10 deep elf zephyrmancers (Elf:1)
  A spectral jorogumo (Spider:4)
  9 steelbarb worms
  17 deep elf pyromancers
  8 ugly things
  2 necromancers (D:15)
  2 broodmother zombies (Spider:4)
  2 orc knights
  4 manticores
  20 wolf spiders
  18 elephants
  5 cyclopes
  7 moths of wrath
  A worldbinder (Abyss:3)
  Maurice (D:11)
  An ice statue (Gauntlet)
  Joseph (D:7)
  2 torpor snails (Lair:4)
  2 rust devils (Gauntlet)
  5 black mambas
  12 demonic crawlers
  13 cane toads
  3 gargoyles
  A smoke demon (Abyss:3)
  2 kobold demonologists (D:13)
  5 yaktaurs
  An unseen horror (shapeshifter) (D:14)
  4 unseen horrors
  2 spectral redbacks (Spider:4)
  9 komodo dragons
  Maggie (D:7)
  2 tengu conjurers
  5 rime drakes
  A redback zombie (Spider:4)
  An ancient zyme (Abyss:3)
  11 polar bears
  A queen bee (D:9)
  A hornet (D:9)
  A meliai (shapeshifter) (D:14)
  14 trolls
  2 wolf spider simulacra
  Prince Ribbit (Lair:3)
  A culicivora zombie (Spider:4)
  5 spectral jumping spiders (Spider:4)
  18 tarantellas
  A tarantella zombie (Spider:4)
  3 spectral tarantellas (Spider:4)
  A spectral culicivora (Spider:4)
  3 raiju (Lair:5)
  2 jumping spider zombies (Spider:4)
  20 blink frogs
  A dream sheep (Lair:5)
  36 slime creatures
  18 jumping spiders
  A shadow (D:11)
  3 water elementals (Elf:1)
  15 culicivoras
  12 wraiths
  6 wyverns
  2 ynoxinuls (Gauntlet)
  A vampire (D:12)
  A spriggan (shapeshifter) (D:15)
  A basilisk (shapeshifter) (D:13)
  26 yaks
  5 basilisks
  A fire elemental (Elf:1)
  7 vampire mosquitoes
  A chaos spawn (Abyss:3)
  47 redbacks
  2 steam dragons
  Edmund (D:6)
  3 swamp worms (Gauntlet)
  6 wargs
  2 acid dragons
  14 hell hounds (Lair:5)
  15 water moccasins
  20 orc warriors
  4 swamp drakes
  3 ice beasts
  An ogre (shapeshifter) (D:10)
  2 large abominations (Abyss:3)
  A sky beast (D:5)
  14 black bears
  5 centaurs
  13 wolves (Lair:5)
  21 ogres
  3 phantoms
  3 kobold brigands
  A lemure (D:6)
  5 bullfrogs
  A gnoll sergeant (D:8)
  2 scorpions
  7 wights
  23 killer bees (D:9)
  3 howler monkeys
  An electric eel (Spider:2)
  2 crimson imps
  15 orc priests
  2 gnoll boudas
  6 hounds
  4 jellies
  A starcursed mass (Abyss:3)
  Crazy Yiuf (D:4)
  7 iron imps (Gauntlet)
  28 orc wizards
  6 hell rats (Lair:4)
  5 iguanas
  13 gnolls
  4 adders
  9 river rats
  A shadow imp (D:5)
  4 white imps
  3 worms
  2 dart slugs
  70 orcs
  8 endoplasms
  3 giant cockroaches
  13 goblins
  11 hobgoblins
  2 jackals (D:3)
  30 kobolds
  6 quokkas
  3 ball pythons
  5 bats
  14 frilled lizards
  23 rats
  A bush (D:8)
1081 creatures vanquished.

Vanquished Creatures (collateral kills)
  An adder (D:5)
  An orc (D:5)
2 creatures vanquished.

Vanquished Creatures (others)
  A deep elf knight (Elf:1)
  A deep elf archer (Elf:1)
  A yaktaur (D:15)
  A jumping spider (Spider:2)
  A hell rat (Lair:4)
  A river rat (Lair:4)
  24 demonic plants (Gauntlet)
  10 fungi
  59 plants
  2 starspawn tentacles (Abyss:3)
101 creatures vanquished.

Grand Total: 1184 creatures vanquished

Notes
Turn   | Place    | Note
-------+----------+-------------------------------------------
     0 | D:1      | IdlyInterested the Demonspawn Gladiator began the quest for
                  | the Orb.
     0 | D:1      | Reached XP level 1. HP: 16/16 MP: 1/1
   105 | D:1      | Reached skill level 1 in Armour
   105 | D:1      | Gained mutation: You have a pair of small antennae on your
                  | head. [demonic ancestry]
   105 | D:1      | Reached XP level 2. HP: 22/22 MP: 2/2
   745 | D:1      | Reached skill level 1 in Stealth
   944 | D:2      | Gained mutation: You regenerate magic rapidly. [demonic
                  | ancestry]
   944 | D:2      | Reached XP level 3. HP: 10/27 MP: 3/3
  1095 | D:2      | Reached skill level 1 in Invocations
  1095 | D:2      | Gained mutation: You are partially covered in sharp spines.
                  | [demonic ancestry]
  1095 | D:2      | Reached XP level 4. HP: 27/33 MP: 4/4
  1813 | D:3      | Reached skill level 2 in Invocations
  1815 | D:3      | Reached XP level 5. HP: 30/38 MP: 6/6
  2314 | D:4      | Reached skill level 3 in Invocations
  2660 | D:4      | Noticed a phantom
  2670 | D:4      | Killed a phantom
  2671 | D:4      | Reached XP level 6. HP: 35/44 MP: 8/8
  2799 | D:4      | Found a runed translucent door.
  2800 | D:4      | Noticed Crazy Yiuf
  2870 | D:4      | Identified the +6 ring mail of Uboul {Contam rC+ rN+}
  2955 | D:4      | Reached skill level 4 in Invocations
  3320 | D:4      | Killed Crazy Yiuf
  3321 | D:4      | Reached skill level 5 in Long Blades
  3419 | D:5      | Entered Level 5 of the Dungeon
  3544 | D:5      | Found a staircase to the Ecumenical Temple.
  3549 | D:5      | Reached skill level 1 in Evocations
  3549 | D:5      | Gained mutation: You have a pair of antennae on your head.
                  | [demonic ancestry]
  3549 | D:5      | Reached XP level 7. HP: 50/50 MP: 10/10
  3599 | Temple   | Entered the Ecumenical Temple
  3834 | D:5      | Reached skill level 5 in Invocations
  4059 | D:5      | Reached skill level 6 in Invocations
  4213 | D:5      | Gained mutation: When seriously injured, your blood forms
                  | armour. (AC +12) [demonic ancestry]
  4213 | D:5      | Reached XP level 8. HP: 57/58 MP: 12/12
  4449 | Temple   | Became a worshipper of Warmaster Okawaru
  4523 | D:6      | Found Zefyisui's Armour Emporium.
  4556 | D:6      | Found Biyri's Magic Scroll Boutique.
  4588 | D:6      | Reached skill level 7 in Invocations
  4696 | D:6      | Noticed Pikel
  4727 | D:6      | Killed Pikel
  4727 | D:6      | Reached * piety under Okawaru
  4728 | D:6      | Reached skill level 5 in Dodging
  4728 | D:6      | Reached skill level 8 in Invocations
  4728 | D:6      | Gained mutation: When hurt, damage is shared between your
                  | health and your magic reserves. [demonic ancestry]
  4728 | D:6      | Reached XP level 9. HP: 49/65 MP: 13/15
  4999 | D:6      | Noticed Edmund
  5022 | D:6      | Killed Edmund
  5027 | D:6      | Reached skill level 9 in Invocations
  5168 | D:6      | Found Ymeot's Magic Scroll Boutique.
  5376 | D:6      | Bought a scroll of blinking for 105 gold pieces
  5376 | D:6      | Bought a scroll of vulnerability for 56 gold pieces
  5417 | D:6      | Bought a scroll of fog for 44 gold pieces
  6047 | D:7      | Noticed Maggie
  6060 | D:7      | Killed Maggie
  6102 | D:7      | Reached ** piety under Okawaru
  6103 | D:7      | Reached skill level 10 in Invocations
  6551 | D:7      | Noticed Joseph
  6558 | D:7      | Killed Joseph
  6703 | D:6      | Bought a +1 pair of boots of rampaging for 247 gold pieces
  6858 | D:8      | Reached XP level 10. HP: 54/71 MP: 17/17
  7078 | D:8      | Found a staircase to the Lair.
  7187 | D:8      | Reached skill level 11 in Invocations
  7190 | D:8      | Reached *** piety under Okawaru
  7783 | D:9      | Found a hide-covered altar of Uskayaw.
  7783 | D:9      | Found a hazy altar of Hepliaklqana.
  8308 | D:9      | Reached **** piety under Okawaru
  8309 | D:9      | Reached skill level 12 in Invocations
  8537 | D:10     | Entered Level 10 of the Dungeon
  8615 | D:10     | Found a flagged portal.
  8616 | D:10     | Noticed a gargoyle
  8620 | D:10     | Killed a gargoyle
  8670 | Bailey   | Entered a bailey
  8708 | Bailey   | Gained mutation: When seriously injured, your blood forms
                  | thick armour. (AC +12) [demonic ancestry]
  8708 | Bailey   | Reached XP level 11. HP: 78/78 MP: 20/20
  8731 | Bailey   | Noticed an orc knight
  8737 | Bailey   | Killed an orc knight
  8737 | Bailey   | Reached ***** piety under Okawaru
  8832 | Bailey   | Identified the +1 spear "Siaphed" {freeze, rC+ rCorr SInv}
  9101 | D:10     | Reached skill level 5 in Fighting
  9101 | D:10     | Reached skill level 10 in Long Blades
  9297 | D:10     | Received a gift from Okawaru
  9308 | D:10     | Reached skill level 13 in Invocations
  9520 | D:10     | Noticed a fire dragon
  9521 | D:10     | Received a gift from Okawaru
  9533 | D:10     | Noticed a two-headed ogre
  9535 | D:10     | Killed a fire dragon
  9539 | D:10     | Killed a two-headed ogre
 10266 | D:11     | Noticed a purple ugly thing
 10282 | D:11     | Killed a purple ugly thing
 10291 | D:11     | Noticed Erolcha
 10295 | D:11     | Killed Erolcha
 10383 | D:10     | Noticed an orc knight
 10392 | D:10     | Killed an orc knight
 10418 | D:11     | Reached skill level 14 in Invocations
 10691 | D:11     | Noticed Harold
 10696 | D:11     | Noticed Maurice
 10701 | D:11     | Noticed a brown ugly thing
 10707 | D:11     | Killed Harold
 10710 | D:11     | Killed a brown ugly thing
 10715 | D:11     | Killed Maurice
 10716 | D:11     | Reached XP level 12. HP: 50/91 MP: 19/22
 10905 | D:11     | Noticed a two-headed ogre
 10915 | D:11     | Killed a two-headed ogre
 10919 | D:11     | Identified the +1 pair of boots of the Moneychanger {rPois
                  | Int-5 Dex+6} (Okawaru gifted it to you on level 11 of the
                  | Dungeon)
 10919 | D:11     | Received a gift from Okawaru
 10966 | D:11     | Noticed Sonja
 10971 | D:11     | Killed Sonja
 11041 | D:11     | Found a staircase to the Orcish Mines.
 11223 | D:11     | Noticed Josephine
 11237 | D:11     | Killed Josephine
 11252 | D:11     | Reached skill level 15 in Invocations
 11517 | D:12     | Found Ytoal's Overcharged Wands.
 11860 | D:12     | Noticed a two-headed ogre
 11867 | D:12     | Killed a two-headed ogre
 12035 | D:12     | Noticed a two-headed ogre
 12041 | D:12     | Killed a two-headed ogre
 12499 | D:12     | Reached skill level 16 in Invocations
 12567 | D:12     | Reached ****** piety under Okawaru
 12747 | D:12     | Identified the +8 scale mail "Tiulaz" {Dex+3 Slay+2}
                  | (Okawaru gifted it to you on level 12 of the Dungeon)
 12747 | D:12     | Received a gift from Okawaru
 12934 | D:13     | Noticed Rupert
 12934 | D:13     | Noticed a five-headed hydra
 12935 | D:13     | Paralysed by Rupert for 4 turns
 12951 | D:13     | Killed Rupert
 12952 | D:13     | Reached XP level 13. HP: 76/98 MP: 19/25
 13105 | D:13     | Found a gate to the Vaults.
 13158 | D:13     | Reached skill level 17 in Invocations
 13564 | D:13     | Found a portal to a secret trove of treasure.
 14287 | D:14     | Received a gift from Okawaru
 14763 | D:14     | Noticed a fire dragon
 14775 | D:14     | Killed a fire dragon
 14928 | D:14     | Received a gift from Okawaru
 14948 | D:14     | Reached skill level 18 in Invocations
 14948 | D:14     | Reached XP level 14. HP: 90/105 MP: 25/27
 15197 | D:14     | Reached skill level 10 in Dodging
 15454 | D:15     | Entered Level 15 of the Dungeon
 15505 | D:15     | Found a staircase to the Depths.
 15514 | D:15     | Identified the +3 cloak of Okawaru's Outrage {+Blink rF-
                  | Regen+ Str+5} (Okawaru gifted it to you on level 15 of the
                  | Dungeon)
 15514 | D:15     | Received a gift from Okawaru
 15561 | D:15     | Found a shimmering blue altar of Sif Muna.
 15745 | D:15     | Found a gate leading to a gauntlet.
 15754 | Gauntlet | Entered a Gauntlet
 15754 | Gauntlet | Found a transporter.
 15754 | Gauntlet | Found a transporter.
 15755 | Gauntlet | Noticed a balrug
 15773 | Gauntlet | Found a transporter.
 15804 | Gauntlet | Found a transporter.
 15822 | Gauntlet | Found a transporter.
 15826 | Gauntlet | Found a transporter.
 15827 | Gauntlet | Found a transporter.
 15833 | Gauntlet | Found a transporter.
 15834 | Gauntlet | Found a transporter.
 15851 | Gauntlet | Found a transporter.
 15851 | Gauntlet | Found a transporter.
 16022 | Gauntlet | Found a transporter.
 16092 | Gauntlet | Identified the +2 hat of Compression {Str+3}
 16226 | Gauntlet | Identified the ring of the Middle {Will+ Int+6}
 16426 | D:15     | Identified the +10 whip of the Hurling Traitor {chaos,
                  | rPois rF+ Str+2 Dex+2}
 17898 | Lair:1   | Entered Level 1 of the Lair of Beasts
 17900 | Lair:1   | Found a transporter.
 17900 | Lair:1   | Noticed pigah's ghost (journeyman OpWn)
 18060 | Lair:1   | Found a transporter.
 18113 | Lair:1   | Reached skill level 19 in Invocations
 18127 | Lair:1   | Noticed Gastronok
 18139 | Lair:1   | Killed Gastronok
 18697 | Lair:1   | Killed pigah's ghost
 18715 | Lair:1   | Identified the +8 long sword of Infection {freeze, rElec
                  | Str-4 Dex+3}
 18824 | Lair:2   | Found a staircase to the Swamp.
 19082 | Lair:2   | Identified a scroll of acquirement
 19083 | Lair:2   | Acquired the ring of Hosyraipn {rCorr Int+2}
 19371 | Lair:2   | Found a hole to the Spider Nest.
 19699 | Lair:3   | Noticed Prince Ribbit
 19711 | Lair:3   | Killed Prince Ribbit
 20115 | Lair:3   | Noticed Urug
 20126 | Lair:3   | Killed Urug
 20438 | Lair:4   | Received a gift from Okawaru
 20445 | Lair:4   | Gained mutation: When seriously injured, your blood forms
                  | very thick armour. (AC +12) [demonic ancestry]
 20445 | Lair:4   | Reached XP level 15. HP: 89/110 MP: 28/28
 20500 | Lair:4   | Found a transporter.
 20500 | Lair:4   | Noticed bande's ghost (journeyman GrFi)
 20692 | Lair:4   | Found a transporter.
 21139 | Lair:4   | Killed bande's ghost
 21145 | Lair:4   | Reached skill level 15 in Long Blades
 21188 | Lair:5   | Entered Level 5 of the Lair of Beasts
 21188 | Lair:5   | Found a viscous altar of Jiyva.
 21188 | Lair:5   | Found a staircase to the Slime Pits.
 21246 | Lair:5   | Reached skill level 20 in Invocations
 21261 | Lair:5   | Received a gift from Okawaru
 21409 | Lair:5   | Received a gift from Okawaru
 22561 | Orc:1    | Entered Level 1 of the Orcish Mines
 22739 | Orc:2    | Entered Level 2 of the Orcish Mines
 23135 | Orc:2    | Found a staircase to the Elven Halls.
 23315 | Orc:2    | Found Pagox's Book Shoppe.
 23316 | Orc:2    | Found Wosisom's Magic Scroll Shoppe.
 23338 | Orc:2    | Reached skill level 21 in Invocations
 23347 | Orc:2    | Received a gift from Okawaru
 23364 | Orc:2    | Gained mutation: When low on magic, you restore magic in
                  | place of health. [demonic ancestry]
 23364 | Orc:2    | Reached XP level 16. HP: 42/122 MP: 22/30
 23372 | Orc:2    | Reached skill level 10 in Fighting
 23403 | Orc:2    | Found Wybbashri's General Store.
 23413 | Orc:2    | Found Gusmesao's Armour Emporium.
 23611 | Orc:2    | Found Hoedaoto's Book Shoppe.
 23938 | Spider:1 | Entered Level 1 of the Spider Nest
 24452 | Spider:1 | Found a runed translucent door.
 24453 | Spider:1 | Found a shimmering altar of Xom.
 24453 | Spider:1 | Noticed drugrobin's ghost (journeyman DgDe)
 24476 | Spider:1 | Killed drugrobin's ghost
 24996 | Spider:2 | Noticed Agnes
 25005 | Spider:2 | Killed Agnes
 25012 | Spider:2 | Noticed Arachne
 25033 | Spider:2 | Killed Arachne
 25068 | Spider:2 | Received a gift from Okawaru
 25082 | Spider:2 | Reached skill level 22 in Invocations
 25937 | Spider:3 | Found the +3 Elemental Staff {rElec rF++ rC++ AC+5}
 26063 | Spider:3 | Identified the +7 ring mail of the Beginning {rElec}
                  | (Okawaru gifted it to you on level 3 of the Spider Nest)
 26063 | Spider:3 | Received a gift from Okawaru
 26575 | Spider:3 | Reached XP level 17. HP: 17/133 MP: 11/32
 26873 | Spider:4 | Entered Level 4 of the Spider Nest
 26909 | Spider:4 | Reached skill level 23 in Invocations
 26957 | Spider:4 | Got a gossamer rune of Zot
 27042 | Spider:4 | HP: 6/133 [poisoned by an emperor scorpion]
 27047 | Spider:4 | HP: 5/133 [poisoned by an emperor scorpion]
 27049 | Spider:4 | Received a gift from Okawaru
 27892 | Spider:4 | HP: 6/133 [redback (1)]
 28197 | Spider:4 | Found a runed translucent door.
 28198 | Spider:4 | Found a shimmering altar of Xom.
 28198 | Spider:4 | Noticed Newt's ghost (journeyman DsGl)
 28231 | Spider:4 | Killed Newt's ghost
 28727 | Elf:1    | Entered Level 1 of the Elven Halls
 28742 | Elf:1    | Received a gift from Okawaru
 29233 | Elf:1    | Found a transporter.
 29276 | Elf:1    | Reached skill level 24 in Invocations
 29486 | Elf:1    | Found a transporter.
 29491 | Elf:1    | Noticed Asterion
 29501 | Elf:1    | Noticed a tentacled monstrosity
 29515 | Elf:1    | Killed Asterion
 29571 | Elf:1    | Gained mutation: You have a pair of large antennae on your
                  | head. (SInv) [demonic ancestry]
 29571 | Elf:1    | Reached XP level 18. HP: 130/140 MP: 32/34
 29637 | Elf:1    | Identified the +9 spear "Raxaunt" {antimagic, rN+ Will+}
 29654 | Elf:1    | Noticed a hellephant
 29685 | Elf:1    | Found a one-way gate to the infinite horrors of the Abyss.
 29685 | Elf:1    | Noticed Myfaogiy's ghost (adept MiFi)
 29779 | Elf:1    | Received a gift from Okawaru
 30407 | Abyss:3  | Cast into level 3 of the Abyss (Myfaogiy's ghost)
 30601 | Abyss:3  | Paralysed by accursed screaming for 1 turns
 30608 | Abyss:3  | Paralysed by accursed screaming for 2 turns
 30610 | Abyss:3  | Lost intelligence.
 30614 | Abyss:3  | HP: 6/140 [starcursed mass/accursed screaming (12)]
 30616 | Abyss:3  | Killed from afar by a starcursed mass

Illustrated notes

Levels and vault maps discovered:
D:1:      minmay_arrival_radiant_lines, layout_loops_ring, hangedman_decor_push,
          minmay_lizard_king
D:2:      layout_loops_cross, minmay_tripent
D:3:      layout_rooms, grunt_ministairs_6, columned_hall_lemuel
D:4:      layout_loops_ring, kennysheep_generic_room_7, uniq_crazy_yiuf_cottage
D:5:      lemuel_ratsnest, layout_basic, minmay_temple_entry_statues_pillars
D:6:      layout_rooms, serial_shops, nicolae_diamond_shop,
          nicolae_diamond_shop, nicolae_lakefront_shop, minmay_fire_ice_demons,
          uniq_edmund, uniq_pikel
D:7:      layout_basic, uniq_maggie, uniq_joseph
D:8:      layout_cave_pools, lair_entry_dummy, kb_lookout_dungeons_type,
          serial_park_tiny_pond, chequers_serial_rivers_marsh
D:9:      layout_roguey [special_room_bee],
          chequers_temple_overflow_statue_of_worship, chequers_arboretum,
          minmay_fountain_box
D:10:     layout_stronghold, enter_bailey_5, minmay_shattered_shrine
D:11:     layout_rooms, erik_orc_1, elyvilon_altar_4, uniq_josephine,
          uniq_erolcha, uniq_sonja, uniq_harold, uniq_maurice
D:12:     layout_gridville, st_stairs_2, nicolae_shop_overcharged_wands
D:13:     layout_loops_corners, lightli_vaults_fourway_checkpoint,
          enter_trove_2, hex_medium, kennysheep_generic_room_9, uniq_rupert
D:14:     minmay_bloctagon_deflated, layout_long_grid, minmay_misc_feat_roman
D:15:     hangedman_depths_entry_civil_slaughter, layout_basic,
          gauntlet_entry_generic, nicolae_sif_muna_condensation
Temple:   nicolae_temple_slightly_damp_pantheon
Lair:1:   layout_regular_city, gammafunk_ghost_arena, serial_bayou_pond_b,
          grunt_megastairs_2, uniq_gastronok
Lair:2:   layout_regular_city, swamp_mist, spider_nest_entry_funnel_web
Lair:3:   layout_roguey, chequers_serial_rivers_marsh, uniq_urug,
          uniq_prince_ribbit2
Lair:4:   layout_cave_shapes, gammafunk_ghost_arena, kennysheep_abandoned_house
Lair:5:   guppyfry_lair_end_dragon, layout_regular_city,
          hangedman_lair_caniforms_friends, slime_entry_1, grunt_megastairs_1
Spider:1: layout_spider_delve, ebering_ghost_xom
Spider:2: layout_spider_delve, uniq_arachne, uniq_agnes
Spider:3: layout_cave_pods, nicolae_crawler_farm
Spider:4: floodkiller_spider_rune_tomb, ebering_ghost_xom
Orc:1:    layout_caves
Orc:2:    st_orc_open, layout_caves, serial_shops, shop
Elf:1:    nicolae_elf_arrival_fired_up, layout_gridlike,
          gammafunk_ghost_abyssal_escape, kennysheep_underground_church,
          nicolae_elf_blasts_and_bolts, uniq_asterion
Abyss:3:  base: Lair:5, nicolae_abyss_rune_star_stuff

Skill      XL: |  1  2  3  4  5  6  7  8  9 10 11 12 13 14 15 16 17 |
---------------+----------------------------------------------------+-----
Long Blades    | 3 4 5 6 7 8 9 11 12 13 14 15 17 18 | 18.4
Armour         | 1 3 4 |  4.0
Stealth        | 1 |  1.0
Throwing       | 2 4 |  4.0
Invocations    | 1 2 3 4 6 8 10 12 14 16 18 19 21 22 24 | 24.6
Dodging        | 3 4 5 6 8 9 11 12 13 | 13.7
Evocations     | 1 2 |  2.0
Fighting       | 3 4 7 8 9 12 | 12.0

Action                     |  1- 3 |  4- 6 |  7- 9 | 10-12 | 13-15 | 16-18 || total
---------------------------+-------+-------+-------+-------+-------+-------++-------
  Melee: Long sword        |    98 |   124 |   244 |       |       |       ||   466
         Unarmed           |     8 |       |       |       |       |       ||     8
         Punch             |       |       |     4 |       |     3 |       ||     7
         Great sword       |       |       |       |   529 |   124 |       ||   653
         Spear             |       |       |       |    15 |       |       ||    15
         Triple sword      |       |       |       |       |   894 |  1121 ||  2015
         Rapier            |       |       |       |       |    36 |       ||    36
  Throw: Stone             |       |     4 |       |     9 |       |       ||    13
         Dart              |       |       |    14 |     9 |       |       ||    23
         Javelin           |       |       |     3 |       |     4 |     1 ||     8
         Boomerang         |       |       |     2 |    49 |   114 |    89 ||   254
         Throwing net      |       |       |       |       |       |     1 ||     1
 Invoke: Heroism           |       |       |     1 |     2 |     5 |     2 ||    10
         Finesse           |       |       |       |     1 |     1 |       ||     2
  Evoke: Wand              |       |       |       |    10 |    13 |     3 ||    26
         Tin of tremorston |       |       |       |       |       |     3 ||     3
         Condenser vane    |       |       |       |       |       |     1 ||     1
    Use: Potion            |     2 |     3 |       |     2 |     1 |     5 ||    13
         Scroll            |       |    12 |     6 |     6 |     8 |     1 ||    33
   Stab: Sleeping          |     1 |       |       |     2 |     2 |       ||     5
         Confused          |       |       |       |     1 |     1 |       ||     2
         Distracted        |       |       |       |       |     3 |       ||     3
 Armour: Leather armour    |    14 |       |       |       |       |       ||    14
         Scale mail        |    13 |     9 |       |       |       |       ||    22
         Skin              |     8 |       |       |       |       |       ||     8
         Chain mail        |       |    21 |       |       |       |       ||    21
         Ring mail         |       |     4 |    73 |   173 |   463 |   545 ||  1258
  Dodge: Dodged            |    71 |    77 |   212 |   655 |  2134 |  2495 ||  5644

Table legend: (Time is in decaauts)
 A = Elapsed time spent in this place.
 B = Non-inter-level travel time spent in this place.
 C = Inter-level travel time spent in this place.
 D = Time resting spent in this place.
 E = Time spent auto-exploring this place.
 F = Levels seen in this place.
 G = Mean time per level.
                   A        B        C        D        E       F      G
               +--------+--------+--------+--------+--------+-----+--------+
         Total |  31312 |  26819 |   4493 |   1242 |  16318 |  31 | 1010.1 |
       Dungeon |  17471 |  14467 |   3004 |    375 |  10013 |  15 | 1164.7 |
        Temple |    237 |    171 |     66 |      0 |    145 |   1 |  237.0 |
          Lair |   5073 |   4388 |    685 |      0 |   2950 |   5 | 1014.6 |
   Spider Nest |   4627 |   4247 |    380 |    845 |   1760 |   4 | 1156.8 |
  Orcish Mines |   1394 |   1153 |    241 |      0 |    660 |   2 |  697.0 |
   Elven Halls |   1284 |   1169 |    115 |      0 |    612 |   1 | 1284.0 |
         Abyss |    203 |    203 |      0 |      0 |     72 |   1 |  203.0 |
        Bailey |    385 |    385 |      0 |      0 |     44 |   1 |  385.0 |
      Gauntlet |    635 |    635 |      0 |     22 |     60 |   1 |  635.0 |
               +--------+--------+--------+--------+--------+-----+--------+

Top non-repeatable levels by time:
Spider:4: 1602 daAuts
    D:12: 1537 daAuts
    D:10: 1486 daAuts
    D:13: 1423 daAuts
    D:11: 1413 daAuts
     D:7: 1392 daAuts
    D:14: 1306 daAuts
   Elf:1: 1284 daAuts
    D:15: 1237 daAuts
  Lair:5: 1207 daAuts
     D:4: 1207 daAuts
     D:9: 1092 daAuts
  Lair:2: 1079 daAuts
  Lair:1: 1066 daAuts
     D:6: 1048 daAuts
